Map: King Sejong Station LE

Players

Maru

  • Race: Terran Terran
  • League: Master

Duff - Winner!

  • Race: Protoss Protoss
  • League: Diamond

VOD

Have the link to the VOD?

Description

Time

  • Played on: Aug. 2, 2016, 9:15 a.m.
  • Length: 12:30
Show
View Real Time Build Order
Export as new Build Order

Maru Terran 

Build Orders: Reaper Expand, MMM Bio 

Get SALT Encoding   

  12  0:00  SCV  
  13  0:13  SCV  
  14  0:17  Supply Depot  
  14  0:25  SCV  
  15  0:39  SCV  
  15  0:40  Barracks  
  16  0:44  Refinery  
  16  0:51  SCV  
  17  1:03  SCV  
  18  1:15  SCV  
  19  1:28  Orbital Command, Reaper  
  20  1:46  Command Center  
  20  1:53  SCV  
  20  2:09  Supply Depot  
  20  2:11  Barracks Reactor, Engineering Bay  
  20  2:12  SCV  
  21  2:24  SCV  
  22  2:30  Factory, Refinery  
  22  2:36  SCV  
  23  2:48  SCV  
  23  2:51  Supply Depot, Marine x2  
  26  3:00  SCV  
  27  3:11  Marine x2  
  27  3:12  SCV  
  30  3:16  Starport  
  30  3:17  Factory Tech Lab  
  30  3:24  SCV  
  31  3:29  Marine x2  
  33  3:36  SCV  
  33  3:37  Siege Tank  
  37  3:42  Orbital Command  
  37  3:49  Marine, SCV  
  37  3:51  Marine  
  40  3:55  Medivac  
  40  4:01  SCV  
  43  4:03  Engineering Bay  
  43  4:07  Marine  
  43  4:09  Cyclone, Marine  
  49  4:13  SCV  
  49  4:14  SCV  
  51  4:19  Supply Depot  
  51  4:25  SCV  
  51  4:26  SCV  
  52  4:35  Missile Turret  
  52  4:36  Supply Depot  
  52  4:37  SCV  
  53  4:38  SCV  
  53  4:42  Missile Turret  
  54  4:49  SCV  
  54  4:51  SCV  
  56  4:56  Marine x2  
  58  5:01  SCV  
  58  5:02  Viking  
  58  5:03  SCV  
  62  5:14  Marine x2  
  62  5:16  Factory Tech Lab  
  62  5:17  Barracks  
  62  5:18  SCV  
  62  5:19  Barracks  
  65  5:22  SCV  
  65  5:26  Refinery  
  65  5:27  Refinery  
  66  5:33  Missile Turret  
  61  5:43  SCV  
  61  5:44  SCV  
  61  5:46  Marine x2  
  63  5:55  SCV  
  67  5:57  SCV  
  67  6:01  Terran Infantry Weapons Level 1  
  68  6:08  SCV  
  69  6:13  Marine  
  69  6:15  Barracks  
  69  6:18  Barracks, Factory Reactor  
  70  6:22  Marine  
  70  6:23  Combat Shields, Starport Reactor  
  70  6:24  Stimpack  
  70  6:25  Marauder  
  70  6:29  Supply Depot  
  70  6:30  Supply Depot  
  70  6:35  Marine, SCV x2  
  70  6:36  Marauder  
  70  6:38  Supply Depot  
  75  6:40  Marine  
  75  6:42  Supply Depot  
  76  6:52  Marauder  
  79  6:54  SCV  
  79  6:57  Marauder  
  79  6:58  Widow Mine  
  79  6:59  Medivac  
  85  7:13  Marauder  
  80  7:25  Widow Mine  
  80  7:26  Barracks Reactor, Barracks Tech Lab, Widow Mine  
  82  7:30  Medivac x2  
  82  7:35  Marauder  
  88  7:39  Armory  
  88  7:44  Command Center  
  88  7:47  Missile Turret x2  
  88  7:49  Missile Turret x2  
  88  7:53  Missile Turret  
  88  7:55  Terran Infantry Armor Level 1  
  88  8:00  Medivac x2  
  88  8:02  Marauder x3, Marine  
  99  8:23  Marine x2, Widow Mine x2  
  105  8:29  Marauder x2  
  109  8:42  Terran Ship Weapons Level 1, Command Center  
  109  8:43  Supply Depot  
  109  8:44  Marauder, Medivac x2  
  113  9:00  Marauder x2  
  117  9:06  Marauder  
  117  9:11  SCV  
  117  9:15  Starport  
  117  9:16  SCV  
  107  9:34  Marauder x3  
  107  9:36  Viking x2  
  115  9:41  Marine x3  
  111  9:51  Marine  
  112  9:55  Marauder  
  114  10:06  Orbital Command  
  114  10:11  Viking x2  
  114  10:13  Viking  
  120  10:29  Viking  
  120  10:35  SCV x2  
  124  10:37  SCV  
  124  10:41  Viking  
  127  10:47  SCV x2  
  127  10:49  SCV  
  130  10:53  Viking x2  
  134  10:59  Viking, SCV  
  137  11:11  Viking  
  124  11:27  Viking x2  
  124  11:29  Viking  
  124  11:31  Marauder x3  
  125  11:41  Viking  
  122  11:52  Marauder  
  106  11:58  Marine x6  
Show
View Real Time Build Order
Export as new Build Order

Duff Protoss - Winner!

Build Orders: 1 Gate Expand, Dark Templar Rush 

Get SALT Encoding   

  12  0:01  Probe (Chrono Boost)  
  13  0:11  Probe (Chrono Boost)  
  14  0:17  Pylon  
  14  0:22  Probe (Chrono Boost)  
  16  0:35  Probe (Chrono Boost)  
  16  0:36  Gateway  
  16  0:46  Probe (Chrono Boost)  
  16  0:47  Assimilator  
  17  0:56  Probe (Chrono Boost)  
  18  1:09  Probe (Chrono Boost)  
  19  1:20  Nexus  
  19  1:26  Probe (Chrono Boost)  
  20  1:34  Cybernetics Core  
  20  1:38  Probe (Chrono Boost)  
  21  1:44  Assimilator  
  21  1:48  Probe (Chrono Boost)  
  22  1:59  Probe (Chrono Boost)  
  23  2:15  Pylon  
  23  2:19  Warp Gate  
  23  2:24  Probe (Chrono Boost)  
  23  2:28  Adept  
  23  2:31  Pylon  
  27  2:37  Mothership Core (Chrono Boost)  
  27  2:42  Robotics Facility  
  27  2:49  Probe (Chrono Boost)  
  28  2:53  Zealot  
  28  2:57  Probe (Chrono Boost)  
  31  3:00  Probe (Chrono Boost)  
  32  3:08  Probe (Chrono Boost)  
  33  3:14  Probe (Chrono Boost), Twilight Council  
  34  3:20  Probe (Chrono Boost)  
  34  3:24  Probe (Chrono Boost)  
  36  3:30  Observer  
  36  3:31  Probe (Chrono Boost)  
  38  3:35  Probe (Chrono Boost)  
  38  3:36  Stalker  
  42  3:41  Probe (Chrono Boost)  
  42  3:44  Gateway  
  42  3:46  Gateway  
  42  3:52  Dark Shrine  
  42  3:58  Warp Prism  
  42  4:01  Probe (Chrono Boost)  
  46  4:03  Probe (Chrono Boost)  
  46  4:07  Assimilator  
  46  4:11  Probe (Chrono Boost)  
  46  4:12  Assimilator  
  46  4:13  Probe (Chrono Boost)  
  48  4:22  Probe (Chrono Boost)  
  48  4:24  Probe (Chrono Boost)  
  50  4:32  Probe (Chrono Boost)  
  50  4:34  Probe (Chrono Boost)  
  52  4:43  Probe (Chrono Boost)  
  52  4:45  Probe (Chrono Boost)  
  54  4:53  Pylon  
  54  4:56  Pylon x2  
  54  5:11  Probe x2 (Chrono Boost)  
  54  5:14  Dark Templar x3  
  58  5:22  Probe (Chrono Boost)  
  50  5:48  Probe x2 (Chrono Boost)  
  49  5:55  Forge  
  49  5:57  Forge, Gateway  
  49  5:59  Pylon  
  49  6:00  Gateway  
  49  6:01  Stalker x2  
  49  6:03  Probe x2 (Chrono Boost)  
  55  6:05  Pylon  
  55  6:12  Immortal  
  55  6:13  Protoss Ground Weapons Level 1, Nexus  
  55  6:15  Pylon  
  55  6:16  Protoss Ground Armor Level 1, Pylon  
  55  6:17  Probe (Chrono Boost)  
  55  6:18  Probe (Chrono Boost)  
  61  6:25  Blink  
  61  6:29  Probe (Chrono Boost)  
  62  6:40  Robotics Bay  
  62  6:42  Probe (Chrono Boost)  
  62  6:44  Probe (Chrono Boost)  
  65  6:54  Probe (Chrono Boost)  
  65  6:57  Stalker x2  
  65  6:58  Stalker  
  70  7:11  Stalker  
  70  7:12  Stalker  
  74  7:22  Probe x2 (Chrono Boost)  
  76  7:27  Colossus  
  76  7:29  Probe (Chrono Boost)  
  83  7:34  Probe x2 (Chrono Boost)  
  83  7:35  Stalker  
  87  7:40  Probe (Chrono Boost)  
  87  7:42  Stalker x2  
  92  7:46  Probe x2 (Chrono Boost)  
  92  7:50  Extended Thermal Lance  
  94  7:56  Stalker  
  94  7:57  Stalker  
  98  7:58  Protoss Ground Weapons Level 2, Sentry  
  100  8:07  Gateway  
  100  8:10  Assimilator  
  100  8:15  Pylon, Photon Cannon  
  100  8:21  Protoss Ground Armor Level 2, Assimilator  
  100  8:26  Colossus  
  106  8:34  Zealot x2  
  106  8:35  Zealot x2  
  106  8:37  Probe (Chrono Boost)  
  115  8:46  Stalker  
  116  8:55  Stalker x3  
  110  9:05  Photon Cannon  
  110  9:10  Stalker x2  
  114  9:24  Stalker x4  
  118  9:36  Stalker x2  
  116  9:49  Warp Prism  
  118  9:59  Stalker x3  
  122  10:00  Stalker  
  122  10:02  Probe (Chrono Boost)  
  125  10:27  Stalker x2  
  129  10:29  Zealot  
  129  10:33  Pylon  
  131  10:36  Charge  
  131  10:46  Stalker x2  
  133  10:53  Pylon  
  133  10:54  Pylon  
  133  11:03  Zealot x3  
  139  11:05  Sentry  
  140  11:13  Stalker x2  
  113  11:54  Stalker x3  
  113  11:55  Stalker x3  
  131  12:18  Stalker x2  
  131  12:19  Stalker x4  
Tags
 
Add a new tag
Caveats
  • Supply blocks, unpowered buildings, or Contaminate may cause inaccurate times.
  • Supply counts are checked every 10 seconds.